ESL (28 & UNDER)
WILMINGTON REBELS @ KINGSTON IGUANAS
08/17/2028
 
TOP OF THE 1ST
Wilmington Rebels batting - Pitching for Kingston Iguanas : RHP Paço Boda
Pitching: RHP Paço Boda
Batting: RHB Marlon Hernández 0-0: SINGLE (Line Drive, 89S)
Batting: LHB Mario Álvarez 0-0: Ball
Wild Pitch!
Marlon Hernández to second
1-0: Ball
2-0: Ball
3-0: Called Strike
3-1: Called Strike
3-2: Strikes out swinging
Batting: RHB Remi Eruzione 0-0: Foul Ball, location: 2F
0-1: Ball
Wild Pitch!
Marlon Hernández to third
1-1: Ball
2-1: Ball
3-1: Foul Ball, location: 2F
3-2: Strikes out swinging
Batting: RHB Eugene Allen 0-0: Ball
1-0: Fly out, F8 (Line Drive, 78M)
Top of the 1st over - 0 run(s), 1 hit(s), 0 error(s), 1 left on base; Wilmington 0 - Kingston 0
BOTTOM OF THE 1ST
Kingston Iguanas batting - Pitching for Wilmington Rebels : RHP Danny Lee
Pitching: RHP Danny Lee
Batting: RHB Bob Lee 0-0: Ball
1-0: SINGLE (Groundball, 56D)
Batting: RHB Francisco Martínez 0-0: Ball
1-0: Ball
2-0: SINGLE (Groundball, 3) (infield hit)
Bob Lee to second
Batting: LHB Jon Quinn 0-0: Foul Ball, location: 2F
0-1: Ball
1-1: Swinging Strike
1-2: Grounds into double play, 4-6-3 (Groundball, 34)
Bob Lee to third
Batting: LHB Dusty Wilson 0-0: Fly out, F9 (Flyball, 9LSF)
Bottom of the 1st over - 0 run(s), 2 hit(s), 0 error(s), 1 left on base; Wilmington 0 - Kingston 0
TOP OF THE 2ND
Wilmington Rebels batting - Pitching for Kingston Iguanas : RHP Paço Boda
Batting: RHB Henry Dawson 0-0: Foul Ball, location: 2F
0-1: Ball
1-1: Foul Ball, location: 2F
1-2: Foul Ball, location: 2F
1-2: Ball
2-2: Ball
3-2: SINGLE (Flyball, 8RS)
Batting: RHB Juan Jose Mendoza 0-0: Fly out, F8 (Flyball, 89M)
Batting: RHB Sergio Moreno 0-0: Called Strike
0-1: Called Strike
0-2: SINGLE (Flyball, 7LM)
Henry Dawson to second
Batting: RHB Anastasio Movonda 0-0: Foul Ball, location: 2F
0-1: Ball
1-1: Ball
2-1: Ball
3-1: Base on Balls
Henry Dawson to third
Sergio Moreno to second
Batting: LHB Juan Delgado 0-0: Ball
1-0: Swinging Strike
1-1: Called Strike
1-2: Fly out, F8 (Flyball, 8RD)
Runner from 3rd tags up, SCORES, no throw
Batting: RHB Marlon Hernández 0-0: Called Strike
0-1: Ball
1-1: Ball
2-1: Fielders Choice at 2nd, U4 (Groundball, 4M)
Top of the 2nd over - 1 run(s), 2 hit(s), 0 error(s), 2 left on base; Wilmington 1 - Kingston 0
BOTTOM OF THE 2ND
Kingston Iguanas batting - Pitching for Wilmington Rebels : RHP Danny Lee
Batting: RHB Tommy Davenport 0-0: Ball
1-0: Ball
2-0: Ball
3-0: Called Strike
3-1: Ground out 4-3 (Groundball, 4)
Batting: SHB Devin Smith 0-0: Ball
1-0: Ball
2-0: Called Strike
2-1: Fly out, F7 (Flyball, 78S)
Batting: RHB Sergio Mata 0-0: Ball
1-0: Called Strike
1-1: Foul Ball, location: 2F
1-2: Foul Ball, location: 2F
1-2: Ball
2-2: Foul Ball, location: 2F
2-2: Fly out, F6 (Line Drive, 6)
Bottom of the 2nd over - 0 run(s), 0 hit(s), 0 error(s), 0 left on base; Wilmington 1 - Kingston 0
TOP OF THE 3RD
Wilmington Rebels batting - Pitching for Kingston Iguanas : RHP Paço Boda
Batting: LHB Mario Álvarez 0-0: SINGLE (Groundball, 6MD)
Batting: RHB Remi Eruzione 0-0: Ball
1-0: Called Strike
1-1: Ball
2-1: Called Strike
2-2: Strikes out swinging
Batting: RHB Eugene Allen 0-0: Swinging Strike
0-1: Ball
1-1: Foul Ball, location: 2F
1-2: Strikes out swinging
Batting: RHB Henry Dawson 0-0: Ground out 5-3 (Groundball, 56)
Top of the 3rd over - 0 run(s), 1 hit(s), 0 error(s), 1 left on base; Wilmington 1 - Kingston 0
BOTTOM OF THE 3RD
Kingston Iguanas batting - Pitching for Wilmington Rebels : RHP Danny Lee
Batting: RHB Manuel Gómez 0-0: Foul Ball, location: 2F
0-1: Swinging Strike
0-2: Ball
1-2: Strikes out looking
Batting: SHB John Beach 0-0: Ground out U3 (Groundball, 3)
Batting: RHB Bob Lee 0-0: Called Strike
0-1: Ball
1-1: Swinging Strike
1-2: Strikes out swinging
Bottom of the 3rd over - 0 run(s), 0 hit(s), 0 error(s), 0 left on base; Wilmington 1 - Kingston 0
TOP OF THE 4TH
Wilmington Rebels batting - Pitching for Kingston Iguanas : RHP Paço Boda
Batting: RHB Juan Jose Mendoza 0-0: Ball
1-0: Ball
2-0: SINGLE (Groundball, 6MD)
Batting: RHB Sergio Moreno 0-0: Called Strike
0-1: Called Strike
0-2: Ball
1-2: Ball
2-2: Ball
3-2: Foul Ball, location: 2F
3-2: Base on Balls
Juan Jose Mendoza to second
Batting: RHB Anastasio Movonda 0-0: Ball
1-0: Ball
2-0: Ball
3-0: Called Strike
3-1: Base on Balls
Juan Jose Mendoza to third
Sergio Moreno to second
Batting: LHB Juan Delgado 0-0: Ball
1-0: Fly out, F7 (Flyball, 7LS)
Runner from 3rd tags up, SCORES, no throw
Batting: RHB Marlon Hernández 0-0: Foul Ball, location: 2F
0-1: Ball
1-1: Ball
2-1: Foul Ball, location: 2F
2-2: Ball
3-2: Strikes out swinging
Batting: LHB Mario Álvarez 0-0: Called Strike
0-1: Foul Ball, location: 2F
0-2: SINGLE (Line Drive, 9LS)
Sergio Moreno to third
Anastasio Movonda to second
Runner from 3rd tries for Home, SAFE, no throw
Batting: RHB Remi Eruzione 0-0: Ball
1-0: Called Strike
1-1: Ground out 6-3 (Groundball, 56)
Top of the 4th over - 2 run(s), 2 hit(s), 0 error(s), 2 left on base; Wilmington 3 - Kingston 0
BOTTOM OF THE 4TH
Kingston Iguanas batting - Pitching for Wilmington Rebels : RHP Danny Lee
Batting: RHB Francisco Martínez 0-0: Ball
1-0: Ball
2-0: Ball
3-0: Base on Balls
Batting: LHB Jon Quinn 0-0: Ball
1-0: Swinging Strike
1-1: Foul Ball, location: 2F
1-2: Ball
2-2: Foul Ball, location: 2F
2-2: Ball
3-2: Foul Ball, location: 2F
3-2: Base on Balls
Francisco Martínez to second
Batting: LHB Dusty Wilson 0-0: Ball
1-0: Ball
2-0: Ground out 5-3 (Groundball, 2L)
Francisco Martínez to third
Jon Quinn to second
Batting: RHB Tommy Davenport 0-0: Ball
1-0: SINGLE (Groundball, 56D)
Francisco Martínez scores
Jon Quinn to third
Batting: SHB Devin Smith 0-0: Ground out 5-3 (Groundball, 56S)
Jon Quinn scores
Tommy Davenport to second
Batting: RHB Sergio Mata 0-0: Called Strike
0-1: SINGLE (Line Drive, 7LS)
Tommy Davenport to third
Batting: RHB Manuel Gómez 0-0: SINGLE (Groundball, 4D)
Tommy Davenport scores
Sergio Mata to second
Runner from 2nd tries for 3rd, SAFE, throw made to third
Batting: SHB John Beach 0-0: Ball
1-0: Called Strike
1-1: Foul Ball, location: 2F
1-2: Strikes out swinging
Bottom of the 4th over - 3 run(s), 3 hit(s), 0 error(s), 2 left on base; Wilmington 3 - Kingston 3
TOP OF THE 5TH
Wilmington Rebels batting - Pitching for Kingston Iguanas : RHP Paço Boda
Batting: RHB Eugene Allen 0-0: Foul Ball, location: 2F
0-1: Ball
1-1: Foul Ball, location: 2F
1-2: Ball
2-2: Foul Ball, location: 2F
2-2: Ball
3-2: Foul Ball, location: 2F
3-2: Foul Ball, location: 2F
3-2: Fly out, F8 (Flyball, 8RM)
Batting: RHB Henry Dawson 0-0: Swinging Strike
0-1: Foul Ball, location: 2F
0-2: Ball
1-2: Strikes out swinging
Batting: RHB Juan Jose Mendoza 0-0: Ball
1-0: Fly out, F8 (Flyball, 8LD)
Top of the 5th over - 0 run(s), 0 hit(s), 0 error(s), 0 left on base; Wilmington 3 - Kingston 3
BOTTOM OF THE 5TH
Kingston Iguanas batting - Pitching for Wilmington Rebels : RHP Danny Lee
Batting: RHB Bob Lee 0-0: SOLO HOME RUN (Flyball, 78XD), Distance : 398 ft
Batting: RHB Francisco Martínez 0-0: Fly out, F8 (Line Drive, 8RD)
Batting: LHB Jon Quinn 0-0: Ball
1-0: Foul Ball, location: 2F
1-1: Foul Ball, location: 2F
1-2: SOLO HOME RUN (Flyball, 89XD), Distance : 393 ft
Pitching: LHP Miguel Valentín
Batting: LHB Dusty Wilson 0-0: Ball
1-0: Foul Ball, location: 2F
1-1: Swinging Strike
1-2: Ball
2-2: SINGLE (Line Drive, 34)
Batting: RHB Tommy Davenport 0-0: Called Strike
0-1: Called Strike
0-2: Ball
1-2: Ball
2-2: Strikes out swinging
Batting: SHB Devin Smith 0-0: Called Strike
0-1: Ball
1-1: Ball
2-1: Foul Ball, location: 2F
2-2: Ball
Dusty Wilson steals 2nd base
3-2: Foul Ball, location: 2F
3-2: Foul Ball, location: 2F
3-2: Strikes out looking
Bottom of the 5th over - 2 run(s), 3 hit(s), 0 error(s), 1 left on base; Wilmington 3 - Kingston 5
TOP OF THE 6TH
Wilmington Rebels batting - Pitching for Kingston Iguanas : RHP Paço Boda
Batting: RHB Sergio Moreno 0-0: Called Strike
0-1: Foul Ball, location: 2F
0-2: Ball
1-2: Strikes out swinging
Pitching: RHP Brandon Malet
Batting: RHB Anastasio Movonda 0-0: Swinging Strike
0-1: Fly out, F8 (Flyball, 8LD)
Batting: LHB Juan Delgado 0-0: Foul Ball, location: 2F
0-1: Called Strike
0-2: Fly out, F6 (Popup, 6MD)
Top of the 6th over - 0 run(s), 0 hit(s), 0 error(s), 0 left on base; Wilmington 3 - Kingston 5
BOTTOM OF THE 6TH
Kingston Iguanas batting - Pitching for Wilmington Rebels : LHP Miguel Valentín
Batting: RHB Sergio Mata 0-0: Ball
1-0: Ball
2-0: Ball
3-0: Called Strike
3-1: Base on Balls
Batting: RHB Manuel Gómez 0-0: Foul Ball, location: 2F
0-1: SINGLE (Line Drive, 89M)
Sergio Mata to second
Batting: SHB John Beach 0-0: Grounds into double play, 6-4-3 (Groundball, 6)
Sergio Mata to third
Batting: RHB Bob Lee 0-0: Fly out, F8 (Flyball, 8RM)
Bottom of the 6th over - 0 run(s), 1 hit(s), 0 error(s), 1 left on base; Wilmington 3 - Kingston 5
TOP OF THE 7TH
Wilmington Rebels batting - Pitching for Kingston Iguanas : RHP Brandon Malet
Batting: RHB Marlon Hernández 0-0: Swinging Strike
0-1: Called Strike
0-2: Ball
1-2: Ball
2-2: Strikes out looking
Batting: LHB Mario Álvarez 0-0: Ball
1-0: SINGLE (Groundball, 4MD)
Batting: RHB Remi Eruzione 0-0: Ball
1-0: DOUBLE (Line Drive, 7)
Mario Álvarez to third
Pinch Hitting: RHB Jessie Thompson 0-0: Called Strike
0-1: Ball
1-1: Ball
2-1: Foul Ball, location: 2F
2-2: Strikes out swinging
Pinch Hitting: RHB Víctor Márquez 0-0: Swinging Strike
0-1: Ball
1-1: DOUBLE (Flyball, 8LD)
Mario Álvarez scores
Remi Eruzione scores
Pitching: RHP Anastasio Cervantes
Batting: RHB Juan Jose Mendoza 0-0: Ball
1-0: Ball
2-0: Ground out 5-3 (Groundball, 56S)
Top of the 7th over - 2 run(s), 3 hit(s), 0 error(s), 1 left on base; Wilmington 5 - Kingston 5
BOTTOM OF THE 7TH
Kingston Iguanas batting - Pitching for Wilmington Rebels : LHP Miguel Valentín
Now at 3B: Víctor Márquez
Now in LF: Jessie Thompson
Batting: RHB Francisco Martínez 0-0: Fly out, F8 (Flyball, 8LXD)
Pinch Hitting: RHB Matt Rodríguez 0-0: Ball
1-0: Called Strike
1-1: Ball
2-1: Foul Ball, location: 2F
2-2: Fly out, F8 (Flyball, 8LM)
Batting: LHB Dusty Wilson 0-0: Called Strike
0-1: Ball
1-1: Ball
2-1: Ball
3-1: Called Strike
3-2: Ground out U3 (Groundball, 34)
Bottom of the 7th over - 0 run(s), 0 hit(s), 0 error(s), 0 left on base; Wilmington 5 - Kingston 5
TOP OF THE 8TH
Wilmington Rebels batting - Pitching for Kingston Iguanas : RHP Anastasio Cervantes
Now at 1B: Fred McPhun
Batting: RHB Sergio Moreno 0-0: Foul Ball, location: 2F
0-1: Ball
1-1: SINGLE (Groundball, 34D)
Pinch Runner at 1st Miguel Medellín:
Batting: RHB Anastasio Movonda 0-0: Sac Bunt - play at first, batter OUT! U3
Miguel Medellín to second
Batting: LHB Juan Delgado 0-0: Intentional Walk
Pinch Hitting: LHB Guillermo Santos 0-0: Called Strike
0-1: Foul Ball, location: 2F
0-2: Ground out 5-3 (Groundball, 25)
Miguel Medellín to third
Juan Delgado to second
Batting: LHB Mario Álvarez 0-0: Ball
1-0: Fly out, F9 (Flyball, 9)
Top of the 8th over - 0 run(s), 1 hit(s), 0 error(s), 2 left on base; Wilmington 5 - Kingston 5
BOTTOM OF THE 8TH
Kingston Iguanas batting - Pitching for Wilmington Rebels : LHP Miguel Valentín
Now at 1B: Ivan Costello
Batting: RHB Tommy Davenport 0-0: Foul Ball, location: 2F
0-1: Fly out, F7 (Flyball, 7)
Pinch Hitting: RHB Bobby Armstrong 0-0: Ball
1-0: Ball
2-0: SOLO HOME RUN (Flyball, 7D), Distance : 375 ft
Batting: RHB Sergio Mata 0-0: Ball
1-0: Ball
2-0: Ball
3-0: Base on Balls
Batting: RHB Manuel Gómez 0-0: Ball
1-0: Ball
2-0: Ball
3-0: Called Strike
3-1: Called Strike
3-2: Foul Ball, location: 2F
3-2: Foul Ball, location: 2F
3-2: Foul Ball, location: 2F
3-2: Foul Ball, location: 2F
3-2: Foul Ball, location: 2F
3-2: 2-RUN HOME RUN (Flyball, 7D), Distance : 387 ft
Pitching: RHP Edgar Martínez
Batting: SHB John Beach 0-0: Ball
1-0: Called Strike
1-1: Foul Ball, location: 2F
1-2: Foul Ball, location: 2F
1-2: Strikes out swinging
Batting: RHB Bob Lee 0-0: Swinging Strike
0-1: Ground out 4-3 (Groundball, 4)
Bottom of the 8th over - 3 run(s), 2 hit(s), 0 error(s), 0 left on base; Wilmington 5 - Kingston 8
TOP OF THE 9TH
Wilmington Rebels batting - Pitching for Kingston Iguanas : RHP Anastasio Cervantes
Pitching: RHP Guo-fang Juan
Now at 3B: Bobby Armstrong
Batting: RHB Remi Eruzione 0-0: Ball
1-0: Called Strike
1-1: Called Strike
1-2: Strikes out swinging
Batting: RHB Jessie Thompson 0-0: Fly out, F9 (Flyball, 9S)
Batting: RHB Víctor Márquez 0-0: Ball
1-0: Called Strike
1-1: Ball
2-1: Ball
3-1: Base on Balls
Batting: RHB Juan Jose Mendoza 0-0: Ball
1-0: Foul Ball, location: 2F
1-1: Fly out, F7 (Flyball, 7S)
Top of the 9th over - 0 run(s), 0 hit(s), 0 error(s), 1 left on base; Wilmington 5 - Kingston 8
Tuesday, August 8th, 2017 - OOTP Baseball 17.12 Build 75